 Dungeon Crawl Stone Soup version 0.25-a0-577-ga4619f409e (webtiles) character file.

Game seed: 15603049411245706373, levelgen mode: deterministic

34 Flugslaktarn the Covered (level 3, -5/33 HPs)
             Began as a Minotaur Fighter on Mar 3, 2020.
             Slain by an ice beast (14 damage)
             ... on level 3 of the Dungeon.
             The game lasted 00:00:20 (538 turns).

Flugslaktarn the Covered (Minotaur Fighter)          Turns: 538, Time: 00:00:21

Health: -5/33      AC:  7    Str: 21    XL:     3   Next: 14%
Magic:  2/2        EV:  7    Int:  5    God:
Gold:   50         SH:  9    Dex:  9    Spells: 2/2 levels left

rFire    . . .     SeeInvis .   a - +0 war axe
rCold    . . .     Gourm    .   c - +0 kite shield
rNeg     . . .     Faith    .   b - +0 scale mail
rPois    .         Spirit   .   (helmet restricted)
rElec    .         Reflect  .   (no cloak)
rCorr    .         Harm     .   (no gloves)
MR       .....                  (no boots)
Stlth    ..........             (no amulet)
HPRegen  0.11/turn              (no ring)
MPRegen  0.08/turn              (no ring)

@: no status effects
A: retaliatory headbutt, horns 2
a: no special abilities


You were on level 3 of the Dungeon.
You were not hungry.

You visited 1 branch of the dungeon, and saw 3 of its levels.

You collected 50 gold pieces.

Inventory:

Hand Weapons
 a - a +0 war axe (weapon)
Armour
 b - a +0 scale mail (worn)
 c - a +0 kite shield (worn)
Jewellery
 h - a cursed -2 ring of protection {unknown}
   (You found it on level 1 of the Dungeon)
Scrolls
 f - a scroll of amnesia {unknown}
Potions
 d - a potion of might
 i - a potion of stabbing {unknown}
Comestibles
 e - a ration
 g - 14 chunks of flesh


   Skills:
 + Level 4.0 Fighting
 * Level 3.3 Axes
 + Level 4.0 Armour
 + Level 4.0 Shields


You had 2 spell levels left.
You didn't know any spells.
Your spell library was empty.

Dungeon Overview and Level Annotations

Branches:
Dungeon (3/15)

Altars:


Innate Abilities, Weirdness & Mutations

You reflexively headbutt those who attack you in melee.
You have a pair of horns on your head.


Message History

You are too injured to fight recklessly!
You are too injured to fight recklessly!
You barely miss the ice beast.
The ice beast is severely wounded.
The ice beast closely misses you. You furiously retaliate!
You headbutt the ice beast. You closely miss the ice beast.
The ice beast is almost dead.
The ice beast hits you but does no damage.
You block the ice beast's attack.
You hit the ice beast.
The ice beast is almost dead.
The ice beast hits you but does no damage.
Unknown command.
You closely miss the ice beast.
The ice beast is almost dead.
The ice beast hits you.
* * * LOW HITPOINT WARNING * * *
The ice beast freezes you!
You die...

## .$ #. #. #. #K ####
######Y###########. ....
.......@..........> ##
######.?...........
####################.#######
............................
####################.#######
#.# #.# #.# ..#


You could see an ice beast and a kobold.

Vanquished Creatures
  An adder (D:3)
  2 worms
  A leopard gecko (D:1)
  2 giant cockroaches
  3 goblins
  A kobold (D:2)
  A ball python (D:1)
  4 bats
  4 rats
19 creatures vanquished.

Notes
Turn   | Place    | Note
-------+----------+-------------------------------------------
     0 | D:1      | Flugslaktarn the Minotaur Fighter began the quest for the
                  | Orb.
     0 | D:1      | Reached XP level 1. HP: 19/19 MP: 0/0
   387 | D:1      | Reached XP level 2. HP: 24/27 MP: 1/1
   469 | D:3      | Reached XP level 3. HP: 31/33 MP: 2/2
   529 | D:3      | Noticed an ice beast
   538 | D:3      | Slain by an ice beast

Levels and vault maps discovered:
D:1:      dpeg_arrival_orchard, layout_basic, minivault_4
D:2:      layout_loops_cross, kennysheep_generic_room_5
D:3:      cheibrodos_fertilizer, layout_basic, lemuel_crystal_altar,
          nicolae_overflow_crystal_walls

Skill      XL: |  1  2  3 |
---------------+----------+-----
Axes           | 3 |  3.3
Armour         | 4 |  4.0
Shields        | 4 |  4.0
Fighting       | 4 |  4.0

Action                   || total
-------------------------++-------
Melee: War axe           ||    51
       Headbutt          ||    10
Armor: Scale mail        ||    25
Dodge: Dodged            ||    18
Block: Kite shield       ||    36

Table legend:
 A = Non-vault XP
 B = Vault XP
 C = Vault XP percentage of total XP
 D = Non-vault monster count
 E = Vault monster count
 F = Vault count percentage of total count
                 A         B        C        D         E       F
            +---------+---------+-------+---------+---------+-------
      Total |      49 |       0 |   0.0 |      19 |       0 |   0.0
            +---------+---------+-------+---------+---------+-------
        D:1 |      12 |       0 |   0.0 |       7 |       0 |   0.0
        D:2 |      12 |       0 |   0.0 |       6 |       0 |   0.0
        D:3 |      25 |       0 |   0.0 |       6 |       0 |   0.0
            +---------+---------+-------+---------+---------+-------
